 Dungeon Crawl Stone Soup version 0.17-a0-1887-g3e50df6 (webtiles) character file.

593 barthelm the Cutter (level 7, -1/45 HPs)
             Began as a Kobold Berserker on Sept 23, 2015.
             Was a Priest of Trog.
             Slain by a giant newt (2 damage)
             ... in a sewer.
             The game lasted 00:13:16 (2705 turns).

barthelm the Cutter (Kobold Berserker)              Turns: 2705, Time: 00:13:20

Health: -1/45      AC:  4    Str: 17    XL:     7   Next: 67%
Magic:  7/7        EV: 12    Int:  7    God:    Trog [***...]
Gold:   220        SH:  0    Dex: 16    Spells: 0 memorised, 6 levels left

rFire  . . .     SeeInvis .     a - +1 short sword
rCold  . . .     Clarity  .     b - +1 animal skin
rNeg   . . .     SustAt   .     (shield restricted)
rPois  .         Gourm    .     (no helmet)
rElec  .         Spirit   .     t - +0 cloak
rCorr  .         Warding  .     (no gloves)
rMut   .         Stasis   .     (no boots)
MR     ++...                    (no amulet)
Stlth  ++........               (no ring)
                                g - +2 ring of intelligence

@: lethally poisoned (-1 -> -1), exhausted, regenerating, constricted, very
resistant to hostile enchantments, unstealthy
A: carnivore 3
a: Burn Spellbooks, Berserk, Trog's Hand, Renounce Religion


You were in a sewer.
You worshipped Trog.
Trog was most pleased with you.
You were very full.

You visited 1 branch of the dungeon, and saw 5 of its levels.
You also visited: Sewer.

You collected 220 gold pieces.

Inventory:

Hand weapons
 a - a +1 short sword (weapon)
Armour
 b - a +1 animal skin (worn)
 t - a +0 cloak (worn)
Jewellery
 g - a +2 ring of intelligence (left hand)
Scrolls
 f - a scroll of immolation {unknown}
 h - 5 scrolls of teleportation
 i - a scroll of enchant weapon
 j - 2 scrolls of identify
 k - 2 scrolls of noise {unknown}
 o - a scroll of magic mapping {unknown}
 p - a scroll of amnesia {unknown}
 q - a scroll of blinking {unknown}
 r - 2 scrolls of remove curse
Potions
 d - a potion of might
 e - 2 potions of heal wounds
 l - 4 potions of curing
 m - a potion of flight
 n - a potion of brilliance
 w - a potion of haste {unknown}
Comestibles
 c - 2 meat rations
 s - a slice of pizza
 u - a beef jerky
 v - a royal jelly
 x - 3 chunks of flesh


   Skills:
 + Level 5.7 Fighting
 + Level 7.4 Short Blades
 - Level 1.7 Armour
 - Level 2.9 Dodging
 + Level 5.3 Stealth


You had 6 spell levels left.
You didn't know any spells.

Dungeon Overview and Level Annotations

Branches:
Dungeon (5/15)             Temple (0/1) D:4

Altars:
Makhleb


Innate Abilities, Weirdness & Mutations

You are small and have problems with some larger weapons.
You are carnivorous and can eat meat at any time.


Message History

You hit the adder.
The adder is heavily wounded.
The giant newt closely misses you. The adder barely misses you.
The giant cockroach bites you but does no damage.
The ball python barely misses you. The ball python constricts you.
You miss the adder.
The adder is heavily wounded.
The adder closely misses you. The giant cockroach bites you.
* * * LOW HITPOINT WARNING * * *
The giant newt bites you.
* * * LOW HITPOINT WARNING * * *
The ball python bites you but does no damage.
The ball python constricts you.
You completely miss the adder.
The adder is heavily wounded.
The adder bites you but does no damage. The giant cockroach closely misses you.
The ball python bites you.
* * * LOW HITPOINT WARNING * * *
The ball python constricts you. The giant newt bites you.
You die...

########..
########.≈Ss≈≈..≈
#.∩.∩...S@l≈≈≈≈≈≈
########..s.≈≈≈≈≈
########≈≈


You could see an adder, 2 giant cockroaches, a ball python and a giant newt.

Vanquished Creatures
  3 ogres (D:4)
  A scorpion (D:5)
  A crimson imp (D:5)
  Jessica (D:2)
  2 worker ants
  An orc wizard (D:4)
  A hound skeleton (D:5)
  3 adders
  3 gnolls (D:4)
  A river rat (D:5)
  An ooze (D:4)
  3 worms
  4 giant geckos
  7 orcs (D:4)
  5 bats
  7 giant cockroaches
  6 hobgoblins
  5 ball pythons
  8 giant newts
  5 goblins
  3 jackals (D:1)
  5 kobolds
  8 rats
84 creatures vanquished.

Notes
Turn   | Place    | Note
--------------------------------------------------------------
     0 | D:1      | barthelm the Kobold Berserker began the quest for the Orb.
     0 | D:1      | Reached XP level 1. HP: 14/14 MP: 1/1
    93 | D:1      | Reached XP level 2. HP: 16/19 MP: 2/2
   464 | D:2      | Noticed Jessica
   470 | D:2      | Killed Jessica
   470 | D:2      | Reached skill level 5 in Short Blades
   470 | D:2      | Reached XP level 3. HP: 24/24 MP: 3/3
   510 | D:2      | Acquired Trog's second power
   560 | D:2      | Reached XP level 4. HP: 13/29 MP: 4/4
   656 | D:2      | Found a burning altar of Makhleb.
   656 | D:2      | Noticed a cacodemon
   670 | D:2      | Noticed an orange demon
   670 | D:2      | Noticed a ynoxinul
  1723 | D:4      | Noticed an ogre
  1732 | D:4      | Killed an ogre
  1732 | D:4      | Reached skill level 6 in Short Blades
  1732 | D:4      | Reached XP level 5. HP: 31/34 MP: 5/5
  1752 | D:4      | Noticed an ogre
  1761 | D:4      | Killed an ogre
  1761 | D:4      | Reached XP level 6. HP: 11/40 MP: 6/6
  1953 | D:4      | Reached skill level 5 in Fighting
  1999 | D:4      | Found a staircase to the Ecumenical Temple.
  2048 | D:4      | Noticed an ogre
  2061 | D:4      | Killed an ogre
  2061 | D:4      | Reached XP level 7. HP: 44/44 MP: 7/7
  2431 | D:4      | Reached skill level 7 in Short Blades
  2460 | D:5      | Entered Level 5 of the Dungeon
  2586 | D:5      | Reached skill level 5 in Stealth
  2645 | D:5      | Found a glowing drain.
  2686 | Sewer    | Entered a sewer
  2704 | Sewer    | HP: 2/45 [giant newt (3)]
  2705 | Sewer    | Slain by a giant newt

Vault maps used:
D:1:      dpeg_arrival_concentric_ovals
D:2:      makhleb_altar_promises_db, uniq_jessica
D:3:      first_bread
D:4:      temple_doors_e, serial_corexii_hall, corexii_hall_statues_u,
          corexii_hall_statues_l, lemuel_statue_altar
D:5:      portal_sewer_entry_b
Sewer:    sewer_frog_island_01

Action                   |  1- 3 |  4- 6 |  7- 9 || total
-------------------------+-------+-------+-------++-------
Melee: Short sword       |    75 |   118 |   104 ||   297
Invok: Berserk           |     1 |     2 |     4 ||     7
       Trog's Hand       |       |       |     1 ||     1
  Use: Scroll            |       |    11 |       ||    11
 Stab: Sleeping          |       |     8 |     1 ||     9
  Eat: Chunk             |     7 |     8 |     6 ||    21
